Map: Ephemeron LE

Players

LifeFndsAWay - Winner!

  • Race: Zerg Zerg
  • League: Diamond
  • Spawn Location: 11:00

loklok

  • Race: Terran Terran
  • League: Platinum
  • Spawn Location: 5:00

VOD

Have the link to the VOD?

Description

Time

  • Played on: Oct. 30, 2019, 2:42 p.m.
  • Length: 18:35
Show
View Real Time Build Order
Export as new Build Order

LifeFndsAWay Zerg - Winner!

Build Orders: Hatch First 

Get SALT Encoding   

  12  0:01  Drone  
  13  0:14  Overlord  
  13  0:17  Drone  
  14  0:32  Drone x2  
  16  0:50  Hatchery  
  16  0:53  Drone  
  16  0:57  Drone  
  16  1:01  Drone  
  18  1:11  Extractor  
  18  1:17  Spawning Pool  
  16  1:20  Drone  
  16  1:25  Drone  
  18  1:30  Drone  
  19  1:40  Drone  
  20  1:58  Overlord  
  20  2:04  Zergling x2  
  20  2:07  Zergling x2  
  20  2:08  Queen x2  
  26  2:24  Hatchery  
  26  2:28  Drone  
  26  2:33  Spine Crawler  
  26  2:36  Drone  
  26  2:42  Metabolic Boost  
  27  2:56  Queen  
  27  2:57  Overlord, Drone x2  
  31  3:00  Drone  
  32  3:06  Drone x2  
  32  3:11  Drone x2  
  36  3:15  Drone  
  36  3:16  Drone  
  36  3:19  Drone  
  39  3:21  Drone  
  39  3:23  Drone  
  41  3:31  Drone x2  
  43  3:36  Drone  
  43  3:37  Queen  
  46  3:44  Queen  
  46  3:45  Overlord  
  46  3:48  Drone x2  
  50  4:09  Spore Crawler  
  47  4:11  Zergling x16  
  55  4:19  Overlord  
  55  4:20  Overlord  
  55  4:22  Lair  
  55  4:28  Baneling Nest  
  54  4:37  Queen  
  60  4:38  Drone x6  
  60  4:42  Drone x2  
  64  4:47  Drone x2  
  64  4:50  Overlord  
  64  4:51  Overlord  
  65  5:13  Drone x8  
  65  5:37  Drone x8, Extractor  
  65  5:38  Extractor  
  65  5:40  Queen  
  65  5:41  Queen  
  65  5:42  Evolution Chamber x2  
  73  5:47  Drone x3  
  73  5:49  Extractor  
  75  5:50  Drone, Hatchery, Extractor  
  75  5:56  Drone  
  75  6:02  Overseer  
  75  6:03  Overlord x2  
  75  6:05  Drone  
  75  6:10  Zerg Ground Armor Level 1  
  76  6:13  Zerg Melee Weapons Level 1  
  76  6:14  Drone x5  
  81  6:21  Hatchery  
  80  6:27  Extractor  
  80  6:29  Spire  
  78  6:36  Spore Crawler  
  77  6:40  Spore Crawler  
  77  6:45  Drone x4  
  77  6:46  Overlord  
  77  6:47  Zergling x18  
  89  6:57  Overseer  
  89  6:58  Overseer  
  89  7:12  Zergling x2  
  90  7:16  Drone x2  
  90  7:17  Drone  
  93  7:24  Drone  
  93  7:25  Drone x2, Extractor  
  92  7:39  Overlord x2  
  92  7:40  Drone x17  
  92  7:43  Zerg Flyer Weapons Level 1  
  99  8:01  Drone  
  99  8:04  Mutalisk x9  
  118  8:09  Extractor  
  118  8:10  Extractor  
  118  8:11  Spore Crawler  
  118  8:12  Spore Crawler  
  114  8:13  Spore Crawler  
  114  8:18  Zerg Melee Weapons Level 2, Zerg Missile Weapons Level 1  
  113  8:25  Overlord, Mutalisk x3  
  119  8:40  Drone x5  
  119  8:41  Drone  
  125  8:55  Infestation Pit  
  124  8:59  Spore Crawler x2  
  118  9:23  Pneumatized Carapace  
  114  9:40  Zerg Flyer Weapons Level 2  
  114  9:41  Corruptor x2  
  114  9:44  Zergling x8  
  118  9:46  Overlord x3  
  118  9:47  Overlord x7  
  118  9:48  Overlord x2  
  104  9:57  Spore Crawler  
  103  10:14  Infestor  
  103  10:15  Infestor x10  
  125  10:21  Corruptor x2  
  125  10:25  Extractor  
  124  10:40  Hive, Pathogen Glands  
  124  10:55  Overseer x3  
  124  11:00  Infestor x3  
  124  11:03  Hatchery  
  129  11:05  Extractor  
  129  11:06  Spore Crawler  
  129  11:10  Spore Crawler  
  126  11:15  Zerg Missile Weapons Level 2  
  126  11:18  Zerg Ground Armor Level 2  
  126  11:27  Drone x7  
  126  11:28  Drone x16  
  148  12:02  Burrow  
  148  12:04  Zerg Flyer Weapons Level 3  
  148  12:06  Centrifical Hooks  
  148  12:07  Neural Parasite, Spore Crawler  
  147  12:08  Spore Crawler  
  147  12:10  Spore Crawler  
  147  12:11  Infestor x3  
  147  12:14  Overlord x3  
  151  12:33  Hatchery  
  150  12:48  Corruptor  
  150  12:49  Corruptor x7  
  166  12:54  Hatchery  
  165  13:04  Infestor x4  
  173  13:33  Spore Crawler x2  
  171  13:35  Spore Crawler  
  171  13:36  Spore Crawler  
  171  13:37  Spore Crawler x2  
  167  13:43  Infestor  
  167  13:44  Infestor x6  
  181  14:19  Spore Crawler  
  181  14:20  Infestor x7, Spore Crawler  
  181  14:21  Spore Crawler  
  181  14:22  Spore Crawler x3  
  181  14:23  Spore Crawler  
  188  14:45  Infestor x4  
  194  15:12  Infestor x3  
  199  15:18  Drone x2  
  199  15:19  Drone x3  
  199  15:20  Drone  
  193  15:22  Drone x6  
  194  15:41  Spore Crawler  
  194  15:42  Drone x7, Spore Crawler  
  199  15:46  Spore Crawler  
  198  16:22  Zerg Flyer Armor Level 1  
  172  17:14  Corruptor x13  
  190  17:48  Corruptor, Infestor  
Show
View Real Time Build Order
Export as new Build Order

loklok Terran 

Build Orders: Gas First Reaper Expand, Liberator Opening 

Get SALT Encoding   

  12  0:02  SCV  
  13  0:14  SCV  
  13  0:19  Supply Depot  
  14  0:27  SCV  
  15  0:32  Refinery  
  15  0:40  SCV  
  16  0:45  Barracks  
  16  0:52  SCV  
  17  1:05  SCV  
  18  1:17  SCV  
  19  1:32  Reaper, Orbital Command  
  20  1:44  Command Center  
  20  1:56  Factory  
  20  1:58  SCV  
  21  2:10  SCV  
  21  2:11  Barracks Reactor  
  21  2:12  Supply Depot  
  22  2:17  Refinery  
  22  2:22  SCV  
  23  2:38  SCV  
  24  2:45  Starport  
  24  2:50  SCV  
  25  2:56  Orbital Command  
  25  2:58  Barracks Tech Lab  
  25  3:01  Hellion  
  25  3:02  SCV  
  25  3:03  Hellion  
  30  3:15  SCV  
  31  3:22  Widow Mine  
  31  3:24  Widow Mine, Medivac  
  37  3:33  SCV x2, Supply Depot  
  39  3:40  Liberator  
  39  3:42  Marine  
  39  3:43  Widow Mine  
  39  3:45  SCV  
  39  3:46  Widow Mine  
  45  3:52  SCV  
  46  3:55  Supply Depot  
  46  3:57  SCV  
  50  4:04  SCV  
  50  4:06  Marine  
  52  4:20  Hellion x2  
  56  4:30  SCV, Supply Depot  
  56  4:31  SCV  
  58  4:35  Command Center  
  58  4:36  Refinery  
  58  4:37  Refinery  
  58  4:42  SCV  
  59  4:51  Cloaking Field  
  59  4:52  Banshee  
  62  4:58  Supply Depot  
  62  4:59  Factory Tech Lab  
  47  5:25  SCV x2  
  47  5:30  Marine x2, Supply Depot  
  47  5:31  Siege Tank  
  47  5:35  Banshee  
  52  5:37  SCV x2  
  52  5:39  Supply Depot  
  52  5:41  Supply Depot  
  54  5:44  Supply Depot  
  54  5:49  SCV x2  
  56  5:50  Marine x2  
  58  5:58  Starport  
  58  6:02  Starport  
  58  6:06  SCV x2  
  58  6:11  Hyperflight Rotors  
  60  6:15  Marine x2  
  60  6:16  Siege Tank, Supply Depot  
  60  6:17  Supply Depot  
  65  6:18  SCV x2  
  67  6:30  SCV  
  68  6:34  SCV, Orbital Command  
  71  6:43  SCV  
  71  6:46  SCV  
  71  6:55  SCV  
  72  7:08  Banshee x2  
  75  7:09  Viking x2  
  75  7:13  SCV x3  
  85  7:16  Refinery x2  
  85  7:20  Supply Depot  
  85  7:23  Supply Depot  
  85  7:25  SCV  
  81  7:39  Viking x2  
  85  7:51  Banshee x2, Factory Tech Lab  
  84  7:56  SCV x3  
  84  8:00  Command Center  
  84  8:07  Supply Depot  
  84  8:08  SCV x2  
  84  8:09  SCV, Supply Depot  
  87  8:14  Armory  
  87  8:15  Armory  
  87  8:18  Fusion Core  
  87  8:20  SCV x2  
  87  8:21  SCV, Starport  
  87  8:22  Starport  
  87  8:23  Refinery  
  87  8:24  Command Center  
  87  8:25  Viking x2  
  94  8:32  SCV  
  94  8:33  SCV  
  96  8:40  Viking x2  
  100  8:48  Engineering Bay  
  100  8:55  Viking  
  102  8:56  SCV x3  
  102  9:01  Supply Depot x2  
  105  9:08  SCV x2  
  104  9:13  Viking  
  104  9:14  Starport Reactor, Viking  
  104  9:15  Viking x2  
  96  9:25  Missile Turret, Viking  
  96  9:27  Missile Turret  
  96  9:28  Missile Turret  
  95  9:34  Missile Turret  
  95  9:36  Missile Turret  
  95  9:37  SCV  
  95  9:38  SCV, Missile Turret  
  92  9:39  Missile Turret  
  92  9:43  Viking  
  92  9:45  Missile Turret, Viking  
  93  9:57  Starport Tech Lab  
  93  9:59  Battlecruiser  
  97  10:02  SCV x2  
  97  10:03  SCV  
  100  10:19  SCV x3  
  100  10:20  Missile Turret  
  103  10:24  Missile Turret  
  103  10:31  SCV x3  
  106  10:42  Viking, Battlecruiser  
  109  10:43  Viking x2  
  109  10:48  SCV  
  117  10:54  Planetary Fortress  
  116  11:03  Refinery  
  116  11:05  Refinery, Orbital Command  
  116  11:08  Viking x2  
  120  11:16  SCV x3  
  123  11:22  Siege Tank  
  126  11:26  Banshee  
  126  11:28  SCV  
  130  11:35  Terran Ship Weapons Level 1  
  130  11:37  Terran Vehicle And Ship Armor Level 1  
  130  11:50  Command Center  
  130  11:51  Command Center, Advanced Ballistics  
  130  11:58  Liberator  
  130  11:59  Liberator  
  130  12:09  Battlecruiser  
  142  12:26  Refinery  
  142  12:28  Missile Turret  
  142  12:29  Refinery  
  142  12:31  Command Center  
  142  12:32  Missile Turret  
  142  12:33  Missile Turret  
  139  12:45  Liberator x2  
  127  12:59  Battlecruiser x2  
  145  13:10  Orbital Command  
  145  13:28  Missile Turret  
  145  13:29  SCV x5  
  145  13:30  Missile Turret  
  145  13:31  Missile Turret x2  
  145  13:32  Battlecruiser  
  156  13:40  Weapon Refit  
  156  13:41  SCV x5  
  161  13:50  Terran Ship Weapons Level 2  
  161  14:03  Battlecruiser  
  161  14:04  Battlecruiser  
  173  14:22  Planetary Fortress  
  171  14:37  Battlecruiser  
  173  14:52  Missile Turret  
  173  14:53  Missile Turret  
  173  15:01  Liberator  
  173  15:11  Liberator  
  173  15:12  Liberator  
  173  15:17  Battlecruiser  
  173  15:18  Battlecruiser  
  188  15:34  Terran Vehicle And Ship Armor Level 2  
  194  15:41  Planetary Fortress, Refinery, Battlecruiser  
  200  15:52  Command Center x2  
  200  15:54  Missile Turret x2  
  195  16:50  Missile Turret  
  195  16:53  Missile Turret  
  173  17:05  Battlecruiser  
  173  17:06  Battlecruiser  
  174  17:25  Refinery x2  
  174  17:26  Refinery  
  174  17:27  Refinery  
  129  17:59  Viking x2  
Tags
 
Add a new tag
Caveats
  • Supply blocks, unpowered buildings, or Contaminate may cause inaccurate times.
  • Supply counts are checked every 10 seconds.